AoeStats
← Mr. Crowley

Four Lakes

508316319Analyzed
1v1 RM · 9d ago on Sep 21, 2026· 64m 19s· 2 players
Game mode
Random Map
Map size
Tiny (2 player)
Population
200
Speed
Normal
Resources
Standard
Victory
Conquest
Starting age
Dark Age
Ending age
Imperial Age
RankedLock teamsTeams togetherTeam positionsShared explorationLock speedFull tech treeHidden civsTurbo modeCheats
Victory
Defeat
🇺🇸 Britons · United States
641
+15
🇹🇷 Sicilians · Türkiye
614
-15
Mr. Crowley
10:11 Loom
12:21 Feudal Age
13:57 Double-Bit Axe
17:54 Wheelbarrow
18:20 Horse Collar
19:01 Arson
20:14 Stone Mining
20:18 Gold Mining
27:04 Castle Age
29:08 Stone Shaft Mining
29:09 Gold Shaft Mining
28:47 Bow Saw
28:40 Heavy Plow
29:41 Scale Mail Armor
30:12 Gambesons
30:30 Squires
31:55 Chain Mail Armor
32:33 Pikeman
34:17 Forging
38:19 First Crusade
38:48 Husbandry
38:59 Bloodlines
39:35 Scale Barding Armor
41:29 Chain Barding Armor
44:45 Iron Casting
44:00 Town Watch
44:31 Hand Cart
44:07 Town Watch
56:14 Imperial Age
56:17 Cavalier
56:45 Capped Ram
fermatajack
3:27 Loom
10:02 Feudal Age
10:43 Double-Bit Axe
12:30 Wheelbarrow
11:46 Fishing Lines
12:25 Horse Collar
16:57 Town Watch
18:19 Padded Archer Armor
18:10 Fletching
18:32 Gold Mining
22:51 Castle Age
23:03 Elite Skirmisher
23:06 Crossbowman
24:34 Bodkin Arrow
25:28 Gold Shaft Mining
26:00 Leather Archer Armor
26:24 Hand Cart
28:16 Ballistics
29:08 Town Patrol
30:25 Murder Holes
30:11 Treadmill Crane
35:41 Imperial Age
33:41 Bow Saw
33:34 Heavy Plow
34:46 Yeomen
34:41 Stone Mining
35:16 Yeomen
36:28 Elite Longbowman
37:39 Conscription
39:13 Chemistry
39:21 Warwolf
39:32 Bracer
40:35 Arbalester
43:16 Ring Archer Armor
42:49 Scale Mail Armor
42:59 Forging
45:18 Gambesons
45:37 Squires
45:23 Arson
44:59 Man-at-Arms
46:40 Long Swordsman
47:21 Two-Handed Swordsman
53:25 Champion
65:17 Iron Casting
64:57 Chain Mail Armor
Connection lost

Rejoining the realm…

Still unreachable

The connection could not be restored.

Session expired

The server has moved on; the page needs a fresh start.